 Dungeon Crawl Stone Soup version 0.31-a0-986-g5e6e4ef867 (webtiles) character file.

Game seed: 2652061473014649129

93620 avis the Spry (level 15, -29/82 HPs)
             Began as a Felid Shapeshifter on Nov 24, 2023.
             Was an Initiate of Gozag.
             Killed from afar by Nikola (40 damage)
             ... with an arc of chain lightning
             ... on level 1 of the Swamp on Nov 25, 2023.
             The game lasted 03:51:48 (35829 turns).

avis the Spry (Felid Shapeshifter)                 Turns: 35829, Time: 03:51:49

Health: -29/82     AC: 11    Str: 22      XL:     15   Next: 61%
Magic:  29/38      EV: 19    Int: 15 (17) God:    Gozag
Gold:   3405       SH:  0    Dex: 18      Spells: 11/32 levels left
                                        Lives:  0   Deaths: 5

rFire   . .          .
                       - Unarmed
rCold   + . .        (shield unavailable)
rNeg    . . .        (body armour unavailable)
rPois   +            (helmet unavailable)
rElec   +            (cloak unavailable)
rCorr   .            (gloves unavailable)
SInv    +            (boots unavailable)
Will    ++...        D - amulet of the Original Sin {RegenMP rC+}
Stlth   +++          F - ring "Codghe" {Drain rElec MP+9 Str+7 Stlth+}
HPRegen 0.33/turn    N - ring of poison resistance
MPRegen 0.66/turn

%: no passive effects
@: snake-form
A: constrict, boosted hp, large, (claws 1), (fangs 3), see invisible, (speed 1),
(shaggy fur 3), (stealthy paws), no weapons or thrown items, no armour,
multi-lived, deterioration 1
a: Begin Untransformation, Renounce Religion, Potion Petition, Call Merchant,
Bribe Branch


You were on level 1 of the Swamp.
You worshipped Gozag.
Gozag was most pleased with you.
You were an enormous anaconda.
You visited 6 branches of the dungeon, and saw 22 of its levels.
You also visited: Bailey.

You collected 7695 gold pieces.
You spent 1627 gold pieces at shops.
You paid 2663 gold pieces to Gozag.

Inventory:

Jewellery
 u - a ring of resist corrosion
 w - an amulet of the acrobat
 D - the amulet of the Original Sin (around neck) {RegenMP rC+}
   (You found it on level 9 of the Dungeon)

   [amulet of magic regeneration]

   RegenMP:   It increases your rate of magic regeneration.
   rC+:       It protects you from cold.
 F - the ring "Codghe" (left hand) {Drain rElec MP+9 Str+7 Stlth+}
   (You found it on level 5 of the Lair of Beasts)

   [ring of magical power]

   Str+7:     It affects your strength (+7).
   rElec:     It insulates you from electricity.
   MP+9:      It affects your magic capacity (+9).
   Drain:     It drains your maximum health when unequipped.
   Stlth+:    It makes you more stealthy.
 G - a ring of protection from fire
 J - a +4 ring of protection
 K - a ring of flight
 N - a ring of poison resistance (right hand)
Talismans
 f - a flux talisman
 s - a serpent talisman (active)
Wands
 b - a wand of digging (7)
 x - a wand of flame (78)
 B - a wand of quicksilver (17)
 E - a wand of mindburst (1)
 L - a wand of polymorph (4)
Scrolls
 a - 2 scrolls of vulnerability
 d - 6 scrolls of fear
 h - 3 scrolls of silence
 i - a scroll of blinking
 l - 3 scrolls of fog
 q - 11 scrolls of teleportation
 y - 5 scrolls of revelation
Potions
 g - a potion of resistance
 k - 2 potions of curing
 n - 2 potions of cancellation
 o - a potion of haste
 t - a potion of ambrosia
 v - 3 potions of might
 z - a potion of magic
 A - 4 potions of enlightenment
 C - 3 potions of berserk rage
 H - a potion of invisibility
 M - 2 potions of brilliance


   Skills:
 - Level 10.0 Fighting
 - Level 15.0 Dodging
 + Level 9.2 Unarmed Combat
 + Level 9.0 Spellcasting
 - Level 5.0 Hexes
 * Level 13.4 Summonings
 - Level 7.0 Air Magic
 - Level 14.0 Shapeshifting


You had 11 spell levels left.
You knew the following spells:

 Your Spells              Type           Power      Damage    Failure   Level
d - Call Canine Familiar  Summ           47%        N/A       1%          3
g - Summon Guardian Gole  Hex/Summ       34%        N/A       1%          3
l - Summon Lightning Spi  Summ/Air       37%        N/A       1%          4
v - Summon Mana Viper     Hex/Summ       34%        N/A       7%          5
C - Summon Cactus Giant   Summ           23%        N/A       7%          6

Your spell library contained the following spells:

 Spells                   Type           Power      Damage    Failure   Level
 Slow                     Hex            84%        N/A       1%          1
 Static Discharge         Conj/Air       34%        3-5/arc   3%          2
 Confusing Touch          Hex            21%        N/A       4%          3
 Sigil of Binding         Hex            21%        N/A       4%          3
 Cigotuvi's Dreadful Rot  Necr/Pois/Air  26%        N/A       6%          2
 Airstrike                Air            13%        2d(2-18)  6%          4
 Kiss of Death            Conj/Necr      24%        2d7       11%         1
 Dazzling Flash           Conj/Hex       28%        N/A       12%         3
 Scorch                   Fire           12%        2d5       16%         2
 Silence                  Hex/Air        12%        N/A       26%         5
 Frozen Ramparts          Ice            12%        1d2       32%         3
 Ignite Poison            Fire/Tmut/Pois 6%         N/A       32%         3
 Stone Arrow              Conj/Erth      12%        3d7       32%         3
 Vampiric Draining        Necr           6%         2d6       32%         3
 Leda's Liquefaction      Hex/Erth       7%         N/A       36%         4
 Dispel Undead            Necr           6%         3d8       71%         4
 Flame Wave               Conj/Fire      6%         2d5       71%         4
 Petrify                  Tmut/Erth      6%         N/A       71%         4
 Metabolic Englaciation   Hex/Ice        7%         N/A       71%         5
 Agony                    Necr           6%         N/A       96%         5
 Alistair's Intoxication  Tmut/Pois      4%         N/A       96%         5
 Irradiate                Conj/Tmut      3%         3d12      96%         5
 Malign Gateway           Summ/Tloc      13%        N/A       99%         7
 Death Channel            Necr           3%         N/A       100%        6
 Lehudib's Crystal Spear  Conj/Erth      3%         10d2      100%        8
 Animate Armour           Summ/Erth      Unusable   N/A       N/A         4
 Dimensional Bullseye     Hex/Tloc       Unusable   N/A       N/A         4

Dungeon Overview and Level Annotations

Branches:
Dungeon (12/15)            Temple (1/1) D:6            Lair (5/5) D:9
  Swamp (1/4) Lair:2        Snake (1/4) Lair:2        Slime (0/5) Lair:5
    Orc (2/2) D:11            Elf (0/3) Orc:2        Bailey (visited)

Altars:
Ashenzari
Cheibriados
Dithmenos
Elyvilon
Fedhas
Gozag
Hepliaklqana
Kikubaaqudgha
Makhleb
Nemelex Xobeh
Okawaru
Qazlal
Ru
Sif Muna
Trog
Uskayaw
Vehumet
Wu Jian
Xom
Yredelemnul
Zin
The Shining One

Shops:
D:3 :   D:5 [*[=[   Orc:2 ![(?   Lair:1 :   Lair:5 ??

Annotations:
Lair:5 1 runed translucent door, exclusion: obsidian statue
Swamp:1 Nikola


Innate Abilities, Weirdness & Mutations

You are an enormous anaconda.
You have a powerful constriction melee attack.
Your maximum health is increased.
((You have sharp claws.))
((You have razor-sharp teeth.))
You have supernaturally acute eyesight. (SInv)
((You cover ground quickly. (Speed+)))
((Your thick and shaggy fur keeps you warm. (AC +3, rC+)))
((Your paws help you pounce on unaware monsters.))
You are incapable of wielding weapons or throwing items.
You cannot wear armour.
You gain extra lives every three experience levels.
Your body sometimes deteriorates upon taking damage.


Message History

Nikola resists.
Your mana viper is struck by an arc of lightning.
Nikola is struck by an arc of lightning.
Nikola resists.
Your mana viper is struck by an arc of lightning.
The lightning grounds out.
Your mana viper bites Nikola.
Nikola's magic leaks into the air.
Casting: Summon Mana Viper (dangerous; 6% risk of failure)
Confirm with . or Enter, or press ? or * to list all spells.
Nikola mumbles, "Hm, I wonder if you're conductive."
Nikola casts a spell.
Nikola blinks!
You see here 7 gold pieces.
Your mana viper bites Nikola!!
Nikola's magic leaks into the air.
Nikola hits your mana viper with the +8 arc blade {discharge, rElec}!
The arc blade crackles.
Your mana viper is struck by an arc of lightning!
Nikola is struck by an arc of lightning.
Nikola resists.
Your mana viper is struck by an arc of lightning.
Your mana viper dies!
Your mana viper disappears in a puff of smoke!
Nikola is struck by an arc of lightning.
Nikola resists.
You swap places.
Nikola mumbles some strange words.
Lightning arcs from Nikola's hands!
The bolt of lightning hits you!! You resist.
* * * LOW HITPOINT WARNING * * *
Your body deteriorates!
You feel dopey.
A bolt of lightning appears from out of thin air!
The bolt of lightning hits your cactus giant!!
The bolt of lightning hits Nikola.
Nikola resists.
Nikola's magic is no longer disrupted.
Nikola mumbles some strange words.
Lightning arcs from Nikola's hands!
The bolt of lightning hits your cactus giant!!
The bolt of lightning hits you!!! You resist.
You die...
Your body crumbles into a pile of gold.

♣♣♣~♣>~§~~~.§♣~~§.♣
♣♣.~..~.~~~.~♣♣.~.♣
[^.~~~♣.~~♣.~~~.♣♣♣
~~~~.~~~~~...~..♣♣♣♣
~.....~.~~~.~~.♣♣♣.♣
~.~♣~...~~§.~♣.♣ w~. ♣.
..~~~~~.~~.....♣♣♣~♣ ~~.
.§~~..~..~♣♣..~~♣♣.♣ ~~.~
~~.~.♣~♣.♣♣♣♣♣~.S♣.♣.....
.♣.~~~♣~.♣ ♣~♣♣.$.~♣
~~~~~..~~♣ ♣~. ♣♣.C~♣
.~~.♣♣♣~.♣♣.~. ♣~~.~♣
♣.~~♣ ~~♣♣♣~...♣♣♣@..?..~
♣.~.♣ .♣ ♣♣♣~. .~~~.~~
♣♣..♣ ♣ ♣.~ ..§.~.. ♣.~♣
♣... ♣.....~ ♣♣~♣ ♣.~
......


You could see Nikola (distracted, ally target) and a friendly cactus giant
(summoned).

Vanquished Creatures
  Kirke (Lair:3)
  3 dire elephants (Lair:5)
  Erica (D:11)
  2 boulder beetles
  4 death yaks
  A shock serpent (Lair:2)
  An orc high priest (Orc:1)
  A spectral death yak (Lair:5)
  A fire crab (Lair:5)
  An arcanist (D:11)
  3 orc knights
  3 lindwurms
  6 orc sorcerers
  A necromancer (Lair:5)
  A mana viper (Lair:2)
  11 elephants
  A torpor snail (Lair:1)
  6 black mambas
  A naga mage (Lair:2)
  11 cane toads
  10 komodo dragons
  A nameless horror (Lair:5)
  4 rime drakes
  3 trolls
  5 polar bears
  2 hornets
  Prince Ribbit (Lair:3)
  11 blink frogs
  Sigmund (D:2)
  2 shadows
  5 wyverns
  4 wraiths
  27 yaks
  3 basilisks
  A vampire mosquito (D:10)
  2 steam dragons
  2 wargs (Orc:2)
  7 nagas
  A swamp worm (Lair:2)
  13 water moccasins
  2 black bears
  17 orc warriors
  3 ice beasts
  An elephant zombie (Lair:5)
  An elephant skeleton (Lair:5)
  4 ogres
  15 wolves
  A centaur (D:8)
  7 kobold brigands
  A phantom (D:5)
  8 bullfrogs
  2 gnoll sergeants (D:10)
  5 scorpions
  13 wights
  8 killer bees
  3 howler monkeys
  3 jellies
  A crimson imp (D:4)
  13 orc priests
  A sleepcap (D:7)
  5 iguanas
  16 orc wizards
  10 gnolls
  10 adders
  A shadow imp (D:7)
  2 ufetubi (D:7)
  3 worms
  3 dart slugs
  50 orcs
  6 ball pythons
  5 bats
  5 endoplasms
  5 giant cockroaches
  15 hobgoblins
  3 quokkas
  5 frilled lizards
  17 goblins
  A goblin skeleton (D:4)
  2 hobgoblin zombies (D:4)
  19 kobolds
  A kobold skeleton (D:4)
  2 orc zombies (D:4)
  A rat (D:3)
461 creatures vanquished.

Vanquished Creatures (collateral kills)
  A lich (D:11)
  An orc warlord (Orc:1)
  An eleionoma (Swamp:1)
  An ettin (D:11)
  Josephine (Orc:1)
  Fannar (D:10)
  5 hydras
  Erolcha (Orc:1)
  The ghost of pokeman the Eclecticist, a journeyman DEHW of Vehumet (D:11)
  A naga warrior (Snake:1)
  Urug (D:11)
  Amaemon (D:11)
  A skyshark (Lair:4)
  A goliath frog (Swamp:1)
  2 naga ritualists (Snake:1)
  A swamp dragon (Swamp:1)
  A mana viper (Snake:1)
  4 necromancers
  An orc sorcerer (Orc:2)
  A naga mage (Snake:1)
  6 black mambas (Snake:1)
  A kobold demonologist (D:11)
  A tyrant leech (Swamp:1)
  A troll (D:10)
  The ghost of Uzeprotekshun the Digger, an amateur GrEE (D:3)
  A centaur simulacrum (D:11)
  3 vampires (D:11)
  2 wraiths
  A steam dragon (Lair:4)
  2 wargs
  5 nagas (Snake:1)
  6 orc warriors
  A hornet zombie (D:3)
  A kobold brigand (D:11)
  A gnoll sergeant (D:11)
  A wyvern zombie (D:3)
  2 wights (D:10)
  A killer bee (D:9)
  A bullfrog zombie (D:3)
  4 orc priests
  7 orc wizards
  A howler monkey skeleton (D:3)
  3 gnolls
  15 orcs
  A kobold (D:11)
97 creatures vanquished.

Vanquished Creatures (others)
  2 dire elephants (Lair:5)
  Snorg (Lair:3)
  An ice dragon (D:11)
  2 hydras (Lair:4)
  An anaconda (Snake:1)
  3 two-headed ogres
  A death yak (Lair:5)
  2 naga warriors (Snake:1)
  Nergalle (D:11)
  A skyshark (Lair:3)
  A spectral anaconda (Lair:5)
  A skeletal warrior (D:11)
  A necromancer (Lair:5)
  An orc knight (Orc:1)
  A guardian serpent (Snake:1)
  2 elephants (Lair:5)
  2 black mambas
  An orange demon (D:11)
  4 cane toads
  A gargoyle (D:9)
  2 rime drakes
  A komodo dragon (Lair:3)
  4 trolls
  A polar bear (Lair:4)
  A hornet (Lair:3)
  A basilisk (Lair:3)
  A human (Lair:3)
  21 yaks
  4 death yak simulacra (Lair:5)
  A vampire mosquito (D:10)
  A naga (Snake:1)
  3 water moccasins
  A swamp worm (Swamp:1)
  5 orc warriors
  An ogre (Orc:1)
  3 wolves (Lair:3)
  A bullfrog (Lair:3)
  A cane toad simulacrum (Lair:5)
  2 wights (D:10)
  An elephant simulacrum (Lair:5)
  2 killer bees (D:9)
  3 orc wizards (Orc:2)
  3 yak simulacra (Lair:4)
  2 polar bear simulacra (Lair:4)
  4 wolf simulacra (Lair:4)
  3 adders (Lair:3)
  An orc (Orc:1)
  2 river rat simulacra (Lair:4)
106 creatures vanquished.

Grand Total: 664 creatures vanquished

Notes
Turn   | Place    | Note
-------+----------+-------------------------------------------
     0 | D:1      | avis the Felid Shapeshifter began the quest for the Orb.
     0 | D:1      | Reached XP level 1. HP: 9/9 MP: 2/2
   142 | D:1      | Found a faded altar of an unknown god.
   255 | D:1      | Reached XP level 2. HP: 10/12 MP: 3/3
   274 | D:1      | Reached skill level 3 in Dodging
   805 | D:2      | Noticed Sigmund
   924 | D:2      | Reached XP level 3. HP: 16/16 MP: 4/4
  1501 | D:3      | Found a burning altar of Makhleb.
  1515 | D:3      | Reached XP level 4. HP: 17/19 MP: 5/5
  1619 | D:3      | Found a white marble altar of Elyvilon.
  1781 | D:3      | Found an ornate altar of the Wu Jian Council.
  1797 | D:3      | Reached skill level 5 in Shapeshifting
  1967 | D:3      | Found a shimmering altar of Xom.
  2058 | D:3      | Found a runed translucent gate.
  2058 | D:3      | Found a runed translucent gate.
  2059 | D:3      | Found a runed translucent gate.
  2064 | D:3      | Noticed Uzeprotekshun's ghost (amateur GrEE)
  2145 | D:3      | Found a shimmering blue altar of Sif Muna.
  2437 | D:3      | Found Parotuso's Book Shop.
  2685 | D:4      | Found a glowing golden altar of the Shining One.
  2708 | D:4      | Reached XP level 5. HP: 23/23 MP: 6/6
  3308 | D:4      | Reached skill level 4 in Dodging
  3465 | D:4      | Found an iron altar of Okawaru.
  3862 | D:5      | Entered Level 5 of the Dungeon
  3867 | D:5      | Found a radiant altar of Vehumet.
  3891 | D:4      | Reached skill level 5 in Dodging
  3891 | D:4      | Gained mutation: You are covered in thick fur. (AC +2)
                  | [Felid growth]
  3891 | D:4      | Reached XP level 6. HP: 10/28 MP: 7/7
  4006 | D:5      | Reached skill level 6 in Dodging
  4021 | D:5      | Found Jarreyb's Antique Armour Shoppe.
  4157 | D:5      | Found Kumim's Armour Shop.
  4165 | D:5      | Noticed a water moccasin
  4184 | D:4      | Slain by a water moccasin
  4206 | D:4      | Killed a water moccasin
  4207 | D:4      | Reached XP level 7. HP: 31/31 MP: 8/8
  4339 | D:5      | Reached skill level 7 in Dodging
  4483 | D:5      | Found Qegralis's Assorted Antiques.
  4486 | D:5      | Found Lytigusu's Armour Shoppe.
  4564 | D:5      | Found a broken altar of Ashenzari.
  4667 | D:5      | Found an opulent altar of Gozag.
  4678 | D:5      | Became a worshipper of Gozag Ym Sagoz the Greedy
  4870 | D:5      | Found Otraewk's Jewellery Shoppe.
  4916 | D:6      | Reached skill level 8 in Dodging
  5230 | D:6      | Reached XP level 8. HP: 34/34 MP: 9/9
  5312 | D:6      | Reached skill level 9 in Dodging
  5504 | D:6      | Found a staircase to the Ecumenical Temple.
  5520 | Temple   | Entered the Ecumenical Temple
  5725 | D:7      | Found a hide-covered altar of Uskayaw.
  6066 | D:7      | Reached skill level 5 in Fighting
  6066 | D:7      | Reached skill level 5 in Unarmed Combat
  6069 | D:7      | Reached XP level 9. HP: 17/40 MP: 10/10
  6100 | D:7      | Found a flagged portal.
  6109 | Bailey   | Entered a bailey
  6205 | Bailey   | HP: 2/60 [kobold brigand/+0 war axe (2)]
  6210 | Bailey   | HP: 2/60 [kobold (1)]
  6214 | Bailey   | Slain by an orc warrior
  6297 | Bailey   | Identified the +2 pearl dragon scales "Wisus" {+Blink rC-
                  | rN+ Int+3}
  6344 | Bailey   | Reached skill level 10 in Dodging
  6367 | Bailey   | Found a burning altar of Makhleb.
  6922 | D:8      | Reached skill level 11 in Dodging
  6940 | D:8      | Found a snail-covered altar of Cheibriados.
  6986 | D:8      | Reached skill level 12 in Dodging
  7487 | D:8      | Reached XP level 10. HP: 31/44 MP: 11/11
  7493 | D:8      | Reached skill level 10 in Shapeshifting
  7719 | D:8      | Found a sparkling altar of Nemelex Xobeh.
  8495 | D:9      | Found a sacrificial altar of Ru.
  9516 | D:9      | Found a staircase to the Lair.
  9586 | D:9      | Identified the amulet of the Original Sin {RegenMP rC+}
  9604 | IceCv    | Identified the "Tiedeqys"
  9604 | Lair:1   | Entered Level 1 of the Lair of Beasts
  9655 | Lair:1   | Noticed a cane toad
  9689 | Lair:1   | Killed a cane toad
 10124 | Lair:1   | Noticed a cane toad
 10185 | Lair:1   | Reached skill level 13 in Dodging
 10324 | Lair:1   | Noticed an elephant
 10324 | Lair:1   | Noticed an elephant
 10324 | Lair:1   | Noticed an elephant
 10332 | Lair:1   | Noticed an elephant
 10340 | Lair:1   | Noticed an elephant
 10343 | Lair:1   | Killed an elephant
 10353 | Lair:1   | Killed an elephant
 10354 | Lair:1   | Reached XP level 11. HP: 48/48 MP: 12/12
 10374 | Lair:1   | Reached skill level 14 in Dodging
 10942 | Lair:1   | Reached skill level 15 in Dodging
 11144 | D:5      | Bought a scroll labelled XODICENEYPN for 30 gold pieces
 11144 | D:5      | Bought a scroll of identify for 60 gold pieces
 11744 | Lair:1   | Mangled by a naga
 12216 | Lair:2   | Reached skill level 10 in Fighting
 12237 | Lair:2   | Found a staircase to the Snake Pit.
 12402 | Lair:2   | Gained mutation: Your thick and shaggy fur keeps you warm.
                  | (AC +3, rC+) [Felid growth]
 12402 | Lair:2   | Reached XP level 12. HP: 24/58 MP: 13/13
 12521 | Lair:2   | Found a staircase to the Swamp.
 13184 | Lair:2   | Identified the +7 rapier of the Sharing Stork {holy, Int+2}
 14130 | Lair:1   | Bought the Incunable of Baneful Calling for 380 gold pieces
 14134 | Lair:1   | Learned a level 3 spell: Summon Guardian Golem
 14139 | Lair:1   | Learned a level 4 spell: Summon Lightning Spire
 14177 | Lair:2   | Reached skill level 1 in Hexes
 14177 | Lair:2   | Reached skill level 1 in Summonings
 14382 | Lair:3   | Noticed Prince Ribbit
 14454 | Lair:3   | Noticed a boulder beetle
 14469 | Lair:3   | Killed a boulder beetle
 14470 | Lair:3   | Reached skill level 1 in Spellcasting
 14470 | Lair:3   | Reached skill level 1 in Air Magic
 14490 | Lair:3   | Killed Prince Ribbit
 14542 | Snake:1  | Entered Level 1 of the Snake Pit
 14584 | Lair:3   | Found an ornate altar of the Wu Jian Council.
 14586 | Lair:3   | Found a hide-covered altar of Uskayaw.
 15090 | Lair:3   | Noticed a death yak
 15199 | Lair:2   | Killed a death yak
 15431 | Lair:3   | Noticed a death yak
 15431 | Lair:3   | Noticed a death yak
 15477 | Lair:2   | Killed a death yak
 15593 | Lair:2   | Killed a death yak
 15782 | Lair:3   | Reached skill level 5 in Summonings
 15962 | Lair:3   | Reached skill level 5 in Hexes
 16238 | Lair:3   | Noticed Kirke
 16258 | Lair:3   | Killed Kirke
 16505 | Lair:3   | Reached XP level 13. HP: 61/61 MP: 17/19
 16866 | Lair:4   | Noticed Snorg
 16892 | Lair:3   | Killed Snorg
 17410 | Lair:3   | Learned a level 6 spell: Summon Cactus Giant
 17552 | Lair:4   | Reached skill level 5 in Air Magic
 19044 | Lair:4   | Slain by an eight-headed hydra
 19653 | Lair:5   | Entered Level 5 of the Lair of Beasts
 19785 | Lair:3   | Reached skill level 5 in Spellcasting
 20762 | Lair:5   | Found a runed translucent door.
 20765 | Lair:5   | Found a staircase to the Slime Pits.
 21637 | Lair:5   | Noticed a dire elephant
 21637 | Lair:5   | Noticed a dire elephant
 21638 | Lair:5   | Noticed a dire elephant
 21638 | Lair:5   | Noticed a dire elephant
 21684 | Lair:5   | Killed a dire elephant
 21707 | Lair:5   | Noticed a dire elephant
 21865 | Lair:5   | Killed a dire elephant
 22049 | Lair:5   | Reached XP level 14. HP: 45/66 MP: 16/23
 22854 | Lair:5   | Identified the ring "Codghe" {Drain rElec MP+9 Str+7
                  | Stlth+}
 22910 | Lair:5   | Identified the +3 hand axe of Peril {drain, rF+}
 23089 | Lair:5   | Bought a scroll of revelation for 112 gold pieces
 23089 | Lair:5   | Bought a scroll of teleportation for 45 gold pieces
 23089 | Lair:5   | Bought a scroll of fog for 60 gold pieces
 23221 | D:10     | Entered Level 10 of the Dungeon
 23812 | D:10     | Noticed Fannar
 23863 | D:10     | Killed Fannar
 23864 | D:10     | Reached skill level 10 in Summonings
 24109 | D:10     | Found an ancient bone altar of Kikubaaqudgha.
 24996 | D:11     | Found a staircase to the Orcish Mines.
 25018 | D:11     | Noticed Nergalle
 25036 | D:11     | Killed Nergalle
 25177 | D:11     | Noticed pokeman's ghost (journeyman DEHW)
 25178 | D:11     | Noticed a lich
 25209 | D:11     | Noticed Erica
 25233 | D:11     | Killed Erica
 25337 | D:11     | Noticed Urug
 25346 | D:11     | Killed Urug
 25564 | D:11     | Found a runed translucent door.
 25596 | D:11     | Noticed Amaemon
 25615 | D:11     | Killed Amaemon
 25835 | D:11     | Found a runed translucent door.
 25966 | Orc:1    | Entered Level 1 of the Orcish Mines
 26446 | D:11     | Paralysed by an orc sorcerer for 5 turns
 26860 | Orc:2    | Entered Level 2 of the Orcish Mines
 27592 | Orc:2    | Gained mutation: Your body sometimes deteriorates upon
                  | taking damage. [a neqoxec]
 27990 | Orc:2    | Noticed an orc warlord
 28475 | Orc:1    | Killed an orc warlord
 28891 | Orc:1    | Noticed Josephine
 29026 | Orc:2    | HP: 2/66 [orc/+0 flail (8)]
 29662 | Orc:1    | Noticed Erolcha
 29708 | Orc:1    | Killed Josephine
 29709 | Orc:1    | Reached XP level 15. HP: 64/66 MP: 27/27
 29712 | Orc:1    | Killed Erolcha
 30014 | Orc:2    | Found a staircase to the Elven Halls.
 30129 | Orc:2    | Found Mahocwu's Magic Scroll Emporium.
 30129 | Orc:2    | Found Reacemn's Antique Weapon Emporium.
 30130 | Orc:2    | Found Cimuor's Distillery.
 30133 | Orc:2    | Found Sontinid's Antique Armour Shoppe.
 30581 | Lair:5   | HP: 1/69 [soul eater[an obsidian statue] (18)]
 30860 | Lair:5   | Bought a scroll of teleportation for 39 gold pieces
 30860 | Lair:5   | Bought a scroll of fear for 52 gold pieces
 30860 | Lair:5   | Bought a scroll of blinking for 97 gold pieces
 30860 | Lair:5   | Bought a scroll of amnesia for 52 gold pieces
 31353 | D:2      | Killed Sigmund
 31646 | D:3      | Killed Uzeprotekshun's ghost
 32264 | D:11     | Killed a lich
 32300 | D:11     | Killed pokeman's ghost
 32592 | D:11     | Learned a level 3 spell: Call Canine Familiar
 32727 | D:5      | Bought a ring of poison resistance for 220 gold pieces
 33288 | Lair:2   | Slain by a shock serpent
 35349 | Lair:1   | Bought Sif Muna's Advanced Wizardry for 480 gold pieces
 35357 | Lair:1   | Learned a level 5 spell: Summon Mana Viper
 35392 | Swamp:1  | Entered Level 1 of the Swamp
 35574 | Swamp:1  | Found a snail-covered altar of Cheibriados.
 35799 | Swamp:1  | Noticed Nikola
 35829 | Swamp:1  | Killed from afar by Nikola

Illustrated notes

Levels and vault maps discovered:
D:1:      dpeg_arrival_rhombus, layout_loops_ring, basic_ecumenical_altar,
          minmay_tetromino_t2
D:2:      layout_basic, guppyfry_early_lair_pool, uniq_sigmund
D:3:      layout_loops_ring, mainiacjoe_overflow_alcove_1,
          mainiacjoe_overflow_cross_hatched, mainiacjoe_overflow_chevrons,
          mainiacjoe_overflow_concentric_impassable, lemuel_crystal_altar,
          serial_shops, nicolae_shop_hallway_plus, gammafunk_ghost_necromancy
D:4:      cheibrodos_greedy_goblins, layout_layer_cave,
          nicolae_tso_besieged_by_evil, mainiacjoe_overflow_surrounded_room,
          saegor_snake_ambush
D:5:      layout_cave_pools, nicolae_vehumet_radiance, lemuel_tele_altar,
          mainiacjoe_overflow_paths, serial_shops, shop, shop_fountains,
          nicolae_shop_waterfront, nicolae_shop_tiny_real_fake_doors, shop
D:6:      layout_loops_cross, minmay_temple_entry_gardened_gates, minivault_19,
          chequers_serial_rivers_room_b, minmay_strange_pillars
D:7:      layout_loops_cross, nicolae_uskayaw_murder_on_the_dancefloor,
          enter_bailey_8
D:8:      layout_basic, nemelex_xobeh_ov_fountains_minmay,
          nicolae_overflow_crystal_walls, minivault_25, chequers_jeans
D:9:      layout_stronghold, mainiacjoe_overflow_tiny_flanked, erik_lair_dragon
D:10:     layout_rooms, kiku_gazebo_pond_becter, uniq_fannar
D:11:     layout_loops_cross, orc_0_dummy, muffindrake_ghost_dual_entry,
          solitary_fountain, uniq_urug, uniq_nergalle, uniq_amaemon, uniq_erica
D:12:     layout_basic
Temple:   nicolae_temple_ecumenical_triangle
Lair:1:   layout_regular_city
Lair:2:   layout_roguey, swamp_mist_pool, minmay_snake_entry_guardpost_small,
          nicolae_lair_lindhole
Lair:3:   minmay_lair_venomous_thicket, layout_gridlike,
          nzn_masters_of_martial_movement, grunt_megastairs_4,
          uniq_prince_ribbit2, uniq_kirke
Lair:4:   layout_regular_city, serial_forest, infiniplex_forest_clump_double,
          infiniplex_forest_side_room, infiniplex_forest_corner_1,
          infiniplex_forest_straight_3, infiniplex_forest_straight_2,
          infiniplex_forest_straight_1, infiniplex_forest_straight_5,
          infiniplex_forest_straight_2, eino_house_with_fridge, uniq_snorg
Lair:5:   due_jungle_book, layout_regular_city, slime_entry_2,
          grunt_megastairs_1
Swamp:1:  nicolae_swamp_secret_spriggan_hideout, layout_falls_marsh,
          lemuel_altar_in_water, uniq_nikola
Snake:1:  layout_layer_cave, drop_trap, grunt_ministairs_6
Orc:1:    layout_diamond_mine, basic_altar, nicolae_orc_damp_corner,
          mines1_david, uniq_erolcha, uniq_josephine
Orc:2:    st_orc_mages, layout_caves

Skill      XL: |  1  2  3  4  5  6  7  8  9 10 11 12 13 14 15 |
---------------+----------------------------------------------+-----
Dodging        | 3 5 6 8 9 12 13 15 | 15.0
Fighting       | 2 3 5 6 10 | 10.0
Shapeshifting  | 4 5 6 7 8 9 12 13 14 | 14.0
Unarmed Combat | 5 7 9 |  9.2
Hexes          | 5 |  5.0
Summonings     | 5 8 11 13 | 13.4
Spellcasting   | 3 5 7 9 |  9.0
Air Magic      | 3 6 7 |  7.0

Action                     |  1- 3 |  4- 6 |  7- 9 | 10-12 | 13-15 || total
---------------------------+-------+-------+-------+-------+-------++-------
  Melee: Unarmed           |    70 |   184 |   316 |   618 |   836 ||  2024
         Bite              |    10 |    18 |    44 |   132 |   159 ||   363
         Punch             |     1 |     7 |     1 |       |       ||     9
         Constrict         |       |       |       |       |     2 ||     2
   Cast: Summon Guardian G |       |       |       |    10 |   139 ||   149
         Summon Lightning  |       |       |       |       |   106 ||   106
         Summon Cactus Gia |       |       |       |       |    28 ||    28
         Summon Mana Viper |       |       |       |       |     9 ||     9
 Invoke: Call Merchant     |       |       |       |     1 |     2 ||     3
  Evoke: Wand              |       |     3 |    29 |     9 |       ||    41
    Use: Scroll            |       |       |    10 |    13 |    10 ||    33
         Potion            |       |       |     3 |     3 |     5 ||    11
   Stab: Sleeping          |     3 |     2 |       |     1 |       ||     6
         Distracted        |       |     1 |     3 |     3 |     9 ||    16
         Paralysed         |       |       |       |    13 |       ||    13
 Armour: Skin              |    22 |    38 |   144 |   124 |   347 ||   675
  Dodge: Dodged            |    38 |   127 |   338 |   788 |  1249 ||  2540
   Form: Flux              |       |       |     1 |       |       ||     1
         Anaconda          |       |       |       |       |     1 ||     1

Table legend: (Time is in decaauts)
 A = Elapsed time spent in this place.
 B = Non-inter-level travel time spent in this place.
 C = Inter-level travel time spent in this place.
 D = Time resting spent in this place.
 E = Time spent auto-exploring this place.
 F = Levels seen in this place.
 G = Mean time per level.
                   A        B        C        D        E       F      G
               +--------+--------+--------+--------+--------+-----+--------+
         Total |  32072 |  28165 |   3907 |  10260 |   7810 |  23 | 1394.4 |
       Dungeon |  13526 |  10944 |   2582 |   2967 |   4547 |  12 | 1127.2 |
        Temple |     41 |     29 |     12 |      0 |      0 |   1 |   41.0 |
          Lair |  12677 |  11520 |   1157 |   5244 |   2349 |   5 | 2535.4 |
         Swamp |    397 |    397 |      0 |     98 |    109 |   1 |  397.0 |
     Snake Pit |   1570 |   1526 |     44 |    517 |    678 |   1 | 1570.0 |
  Orcish Mines |   3589 |   3478 |    111 |   1375 |    125 |   2 | 1794.5 |
        Bailey |    270 |    270 |      0 |     58 |      0 |   1 |  270.0 |
               +--------+--------+--------+--------+--------+-----+--------+

Top non-repeatable levels by time:
  Lair:5: 2831 daAuts
  Lair:2: 2750 daAuts
  Lair:1: 2456 daAuts
  Lair:3: 2440 daAuts
   Orc:1: 2385 daAuts
     D:9: 2363 daAuts
  Lair:4: 2199 daAuts
    D:11: 2118 daAuts
 Snake:1: 1570 daAuts
     D:4: 1390 daAuts
   Orc:2: 1203 daAuts
    D:10: 1178 daAuts
     D:8: 1140 daAuts
     D:2: 1055 daAuts
     D:3: 1012 daAuts
